 Dungeon Crawl Stone Soup version 0.18-a0-1390-gc02854d (webtiles) character file.

2408 dvd the Quickloader (level 9, -5/51 (52) HPs)
             Began as a Kobold Hunter on Feb 22, 2016.
             Was a Follower of Ru.
             Slain by an orc warrior
             ... wielding a +0 war axe
              (18 damage)
             ... on level 7 of the Dungeon.
             The game lasted 00:34:44 (7294 turns).

dvd the Quickloader (Kobold Hunter)                 Turns: 7294, Time: 00:34:45

HP:   -5/51 (52)    AC: 11    Str: 11    XL:     9   Next: 75%
MP:   10/11         EV: 20    Int:  9    God:    Ru [*.....]
Gold: 454           SH:  0    Dex: 17    Spells: 1 memorised, 9 levels left

rFire  . . .     SeeInvis .     d - +3 quarterstaff (chaos)
rCold  . . .     Gourm    .     G - +2 robe {MR+}
rNeg   . . .     Faith    .     (shield currently unavailable)
rPois  .         Spirit   .     (no helmet)
rElec  .         Dismiss  .     v - +2 cloak {+Inv}
rCorr  .         Reflect  .     H - +0 pair of gloves
SustAt .         Harm     .     q - +2 pair of boots
MR     +....                    (no amulet)
Stlth  +++.......               j - +3 ring of slaying
                                C - ring of wizardry

@: no scrolls, somewhat resistant to hostile enchantments, fairly stealthy
A: icy blue scales 1, carnivore 3, deformed body, weak 1, inability to read
while threatened
a: Renounce Religion, Evoke Invisibility


You were on level 7 of the Dungeon.
You worshipped Ru.
Ru was aware of your devotion.
You were completely stuffed.

You visited 2 branches of the dungeon, and saw 8 of its levels.

You collected 454 gold pieces.

Inventory:

Hand Weapons
 a - a +1 hand crossbow
 b - a +0 short sword
 c - a +0 hunting sling
 d - a +3 quarterstaff of chaos (weapon)
 e - a +0 war axe of flaming
 p - a +1 antimagic dagger
Missiles
 m - 129 stones (quivered)
 y - 24 bolts
 z - 24 sling bullets
 K - 7 bolts of penetration
Armour
 q - a +2 pair of boots (worn)
 v - a +2 cloak of invisibility (worn)
 G - a +2 robe of magic resistance (worn)
 H - a +0 pair of gloves (worn)
Jewellery
 g - an uncursed ring of fire
 j - a +3 ring of slaying (right hand)
 C - a ring of wizardry (left hand)
Wands
 J - a wand of confusion (3/48)
Scrolls
 h - 2 scrolls of enchant armour
 i - 4 scrolls of identify
 n - a scroll of random uselessness {unknown}
 o - 2 scrolls of teleportation
 r - 2 scrolls of magic mapping
 s - a scroll of vulnerability {unknown}
 A - a scroll of enchant weapon
 D - 3 scrolls of remove curse
 E - a scroll of blinking
 F - a scroll of torment {unknown}
Potions
 k - a potion of ambrosia
 l - a potion of cure mutation
 u - a potion of flight
 w - 2 potions of agility
 x - 2 potions of curing
 L - a potion of brilliance
Books
 I - a book of Necromancy

   Spells                             Type                      Level
   a - Pain                           Necromancy                   1
   b - Animate Skeleton               Necromancy                   1
   c - Vampiric Draining              Necromancy                   3
   d - Regeneration                   Charms/Necromancy            3
   e - Animate Dead                   Necromancy                   4
   f - Control Undead                 Necromancy                   4
 M - a book of Conjurations

   Spells                             Type                      Level
   a - Magic Dart                     Conjuration                  1
   b - Searing Ray                    Conjuration                  2
   c - Dazzling Spray                 Conjuration/Hexes            3
   d - Fulminant Prism                Conjuration/Hexes            4
   e - Iskenderun's Mystic Blast      Conjuration                  4
   f - Iskenderun's Battlesphere      Conjuration/Charms           5
Comestibles
 f - 5 meat rations
 t - a slice of pizza
 B - a beef jerky


   Skills:
 + Level 4.1 Fighting
 + Level 2.6 Short Blades
 + Level 0.3 Axes
 + Level 2.2 Staves
 + Level 6.3 Slings
 + Level 9.1 Crossbows
 + Level 2.1 Armour
 + Level 7.5 Dodging
 + Level 4.1 Stealth
 * Level 1.3 Spellcasting
 * Level 1.3 Necromancy


You had 9 spell levels left.
You knew the following spells:

 Your Spells              Type           Power        Failure   Level  Hunger
a - Pain                  Necr           #...         9%          1    ##.....


Dungeon Overview and Level Annotations

Branches:
Dungeon (7/15)             Temple (1/1) D:6

Altars:
Ashenzari
Cheibriados
Dithmenos
Elyvilon
Fedhas
Gozag
Nemelex Xobeh
Okawaru
Ru
Sif Muna
Trog
Vehumet
Xom
Yredelemnul
Zin
The Shining One


Innate Abilities, Weirdness & Mutations

You are small and have problems with some larger weapons.
You are carnivorous and can eat meat at any time.
You cannot read scrolls while threatened.
You are partially covered in icy blue scales (AC +1).
Armour fits poorly on your strangely shaped body.
You are weak. (Str -2)


Message History

It is briefly surrounded by a scintillating aura of random colours.
d - a +3 quarterstaff of chaos (weapon)
The orc warrior hits you with a war axe.
You sock the orc warrior!
The orc warrior is severely wounded.
The orc warrior closely misses you.
You hit the orc warrior. You freeze the orc warrior.
The orc warrior is almost dead.
The orc warrior hits you with a war axe!
You completely miss the orc warrior.
The orc warrior is almost dead.
The orc warrior hits you with a war axe!!
You feel threatened and lose the ability to read scrolls!
* * * LOW HITPOINT WARNING * * *
You hear a shout!
Unknown command.
You completely miss the orc warrior.
The orc warrior is almost dead.
The orc warrior hits you with a war axe!!
You die...

####'#.######.#
♣♣...)♣ ♣♣.
.........)....#
♣♣♣...♣♣ ♣.♣
####.#.########
♣♣...♣♣♣ ♣.♣
#.........#
♣♣.♣♣.♣ ♣♣.♣
#.........#
♣.♣♣♣♣♣ ♣.♣♣
#....######
♣♣.♣ ♣.♣ #....#
♣.♣♣ ♣♣♣.♣
#....# ♣♣.♣
♣..♣♣ #....#
♣@♣♣ ♣♣♣♣♣♣♣.♣♣
##'#.# ♣♣o♣
♣♣...♣♣..♣
#####.#.#####
♣(♣♣
♣♣.♣♣.♣..♣♣
......#.....#
♣.♣
♣.♣♣♣♣.♣.♣♣♣
###########.#
♣(♣♣♣♣.♣
♣♣♣...♣♣♣
#..(....#
♣.(.♣♣.♣
♣♣.♣.♣.
#.#####.#
♣♣.....♣♣
♣♣♣♣..
#####'### ###
♣♣.....♣ ♣♣♣
#.......#
♣...♣.♣ ♣


You could see an orc warrior.

Vanquished Creatures
  An orc warrior (D:6)
  2 sky beasts
  A necrophage (D:7)
  An ice beast (D:6)
  An ogre (D:7)
  2 phantoms
  6 giant frogs
  2 scorpions (D:7)
  A crimson imp (D:5)
  2 jellies
  3 hounds
  Crazy Yiuf (D:2)
  5 orc priests
  8 orc wizards
  A centaur skeleton (D:7)
  4 iguanas
  4 worker ants
  A killer bee zombie (D:7)
  3 hound skeletons
  4 gnolls
  10 adders
  4 river rats (D:5)
  A shadow imp (D:6)
  5 oozes
  An adder skeleton (D:4)
  3 worms
  3 giant geckos
  23 orcs
  8 bats
  9 giant cockroaches
  12 goblins
  9 hobgoblins
  15 jackals
  4 quokkas
  A ball python (D:2)
  2 giant gecko zombies
  5 giant newts
  4 kobolds
  8 rats
  A plant (D:5)
181 creatures vanquished.

Vanquished Creatures (others)
  An orc wizard (D:6)
  3 plants (D:5)
4 creatures vanquished.

Grand Total: 185 creatures vanquished

Notes
Turn   | Place    | Note
--------------------------------------------------------------
     0 | D:1      | dvd the Kobold Hunter began the quest for the Orb.
     0 | D:1      | Reached XP level 1. HP: 12/12 MP: 1/1
    48 | D:1      | Reached skill level 5 in Crossbows
    94 | D:1      | Reached XP level 2. HP: 12/17 MP: 2/2
   303 | D:1      | Reached XP level 3. HP: 7/21 MP: 3/3
  1007 | D:2      | Reached XP level 4. HP: 24/26 MP: 4/4
  1097 | D:2      | Reached skill level 6 in Crossbows
  1131 | D:2      | Found a basalt altar of Yredelemnul.
  1268 | D:2      | Noticed Crazy Yiuf
  1276 | D:2      | Killed Crazy Yiuf
  1443 | D:2      | Reached XP level 5. HP: 31/31 MP: 5/5
  2024 | D:3      | Found a glowing golden altar of the Shining One.
  2369 | D:3      | Reached skill level 1 in Slings
  2832 | D:4      | Found an opulent altar of Gozag.
  2852 | D:4      | Reached XP level 6. HP: 30/36 MP: 6/6
  2888 | D:4      | Reached skill level 1 in Armour
  2904 | D:4      | Reached skill level 1 in Short Blades
  3782 | D:4      | Reached XP level 7. HP: 31/40 MP: 7/7
  4029 | D:4      | Reached skill level 5 in Dodging
  4110 | D:5      | Entered Level 5 of the Dungeon
  4361 | D:5      | Found a sacrificial altar of Ru.
  4369 | D:5      | Became a worshipper of Ru the Awakened
  4525 | D:5      | Reached skill level 1 in Staves
  4593 | D:5      | Found a shattered altar of Ashenzari.
  4636 | D:5      | Found a deep blue altar of Sif Muna.
  4720 | D:5      | Found a blossoming altar of Fedhas.
  4752 | D:5      | Reached XP level 8. HP: 38/45 MP: 8/8
  5424 | D:6      | Reached skill level 5 in Slings
  5506 | D:6      | Gained mutation: You cannot read scrolls while threatened. [Ru sacrifice]
  5506 | D:6      | Reached * piety under Ru
  5672 | D:6      | Learned a level 1 spell: Pain
  5698 | D:6      | Found a snail-covered altar of Cheibriados.
  5710 | D:6      | Reached skill level 7 in Crossbows
  5722 | D:6      | Reached XP level 9. HP: 52/52 MP: 9/9
  5974 | D:6      | Found a staircase to the Ecumenical Temple.
  5984 | Temple   | Entered the Ecumenical Temple
  6263 | D:7      | Gained mutation: Armour fits poorly on your strangely shaped body. [potion of mutation]
  6263 | D:7      | Gained mutation: You are partially covered in icy blue scales (AC +1). [potion of mutation]
  6263 | D:7      | Gained mutation: You are weak. (Str -2) [potion of mutation]
  6312 | D:7      | Found a bloodstained altar of Trog.
  6437 | D:7      | Reached skill level 8 in Crossbows
  6599 | D:7      | Found a white marble altar of Elyvilon.
  6757 | D:7      | Reached skill level 1 in Necromancy
  6810 | D:7      | Reached skill level 1 in Spellcasting
  6815 | D:7      | Reached skill level 9 in Crossbows
  7294 | D:7      | Slain by an orc warrior

Vault maps used:
D:1:      mrwooster_arrival_statue_2
D:2:      overflow_temple_1_default, uniq_crazy_yiuf_cottage
D:3:      tso_metal_star, first_bread, minmay_fountain_box
D:4:      nicolae_gozag_seed_capital
D:5:      wad_woods_stonehenge, kennysheep_little_box, kennysheep_mini_moat,
          ashenzari_altar_1
D:6:      cheibriados_altar_1, minmay_temple_entry_nine_rooms, lightli_minifort
D:7:      forest_paths, lemuel_doored_altar, old_standard_altar
Temple:   circular_temple_6

Skill      XL: |  1  2  3  4  5  6  7  8  9 |
---------------+----------------------------+-----
Crossbows      | 5 6 7 9 |  9.1
Dodging        | 3 4 5 6 7 |  7.5
Slings         | 2 3 4 6 |  6.3
Armour         | 1 2 |  2.1
Short Blades   | 1 2 |  2.6
Staves         | 1 2 |  2.2
Stealth        | 2 3 4 |  4.1
Fighting       | 3 4 |  4.1
Necromancy     | 1 |  1.3
Spellcasting   | 1 |  1.3
Axes           | |  0.3

Action                   |  1- 3 |  4- 6 |  7- 9 || total
-------------------------+-------+-------+-------++-------
Melee: Short sword       |    31 |   156 |   126 ||   313
       Quarterstaff      |       |    14 |   101 ||   115
       War axe           |       |     1 |     2 ||     3
 Fire: Hand crossbow     |    44 |    58 |   128 ||   230
       Hunting sling     |       |    75 |    72 ||   147
Throw: Stone             |       |     1 |       ||     1
 Cast: Pain              |       |       |     1 ||     1
Invok: Sacrifice Words   |       |       |     1 ||     1
  Use: Scroll            |     4 |     6 |     1 ||    11
       Potion            |       |     1 |    13 ||    14
 Stab: Sleeping          |     1 |       |     3 ||     4
       Petrifying        |       |       |     1 ||     1
  Eat: Chunk             |     9 |     8 |    12 ||    29
